 Dungeon Crawl Stone Soup version 0.21.0-3-g78d12a8 (webtiles) character file.

261 EphemeralWolf the Covert (level 6, -13/41 HPs)
             Began as an Octopode Assassin on Jan 10, 2018.
             Mangled by an orc warrior
             ... wielding a +1 flail of crushing
              (25 damage)
             ... on level 4 of the Dungeon.
             The game lasted 00:31:26 (3070 turns).

EphemeralWolf the Covert (Octopode Assassin)        Turns: 3070, Time: 00:31:26

Health: -13/41     AC:  1    Str: 11    XL:     6   Next: 18%
Magic:  15/15      EV: 14    Int: 13    God:
Gold:   180        SH:  3    Dex: 15    Spells: 5/5 levels left

rFire    . . .     SeeInvis .   r - +0 short sword (curse)
rCold    . . .     Gourm    .   (no shield)
rNeg     + . .     Faith    .   (helmet restricted)
rPois    .         Spirit   .   h - +3 amulet of reflection
rElec    .         Reflect  +   B - ring of magical power
rCorr    .         Harm     .   e - ring of positive energy
MR       .....                  (no ring)
Stlth    +++++.....             (no ring)
HPRegen  0.13/turn              (no ring)
MPRegen  0.14/turn              (no ring)
                                (no ring)
                                (no ring)

@: no status effects
A: almost no armour, stealthy swim, amphibious, 8 rings, constrict 8, camouflage
1, gelatinous body 1
a: no special abilities


You were on level 4 of the Dungeon.
You were not hungry.

You visited 1 branch of the dungeon, and saw 4 of its levels.

You collected 180 gold pieces.

Inventory:

Hand Weapons
 a - a +2 dagger
 b - a +0 blowgun
 i - a +0 falchion
 o - a +0 falchion
 r - a cursed +0 short sword (weapon)
 D - a +1 vampiric short sword
 I - a +0 dagger
 K - a +0 dagger
 Q - a +0 flail
 W - a +0 dagger
 Y - a +0 dagger
Missiles
 c - 8 poisoned needles
 d - 2 curare-tipped needles
 j - 215 stones (quivered)
 u - 60 arrows
 L - 4 large rocks
 M - 38 bolts
Armour
 g - a +0 plate armour
 l - a +0 scale mail
 p - a +0 ring mail
 q - a +0 ring mail
 J - a +0 chain mail
Jewellery
 e - a ring of positive energy (right tentacle)
 h - a +3 amulet of reflection (around mantle)
 B - a ring of magical power (left tentacle)
 V - an uncursed amulet of the gourmand
Scrolls
 k - a scroll of identify
 n - a scroll of magic mapping
 y - a scroll of amnesia
 F - 2 scrolls of fog
Potions
 m - a potion of agility {unknown}
 E - a potion of curing
 H - a potion of cancellation {unknown}
 O - a potion of mutation {unknown}
 X - a potion of invisibility {unknown}
Comestibles
 f - 8 rations


   Skills:
 * Level 2.7 Fighting
 * Level 3.6 Short Blades
 - Level 2.0 Throwing
 * Level 2.1 Dodging
 * Level 8.1 Stealth


You had 5 spell levels left.
You didn't know any spells.

Dungeon Overview and Level Annotations

Branches:
Dungeon (4/15)
 Temple: D:4-7

Altars:


Innate Abilities, Weirdness & Mutations

You cannot wear most types of armour.
You are very stealthy in the water. (Stealth+)
You are amphibious.
You can wear up to eight rings at the same time.
You can use your tentacles to constrict eight enemies at once.
Your skin changes colour to match your surroundings (Stealth+).
Your rubbery body absorbs attacks. (AC +1, EV +1)


Message History

Okay, then.
You start resting.
You completely miss the orc warrior.
The orc warrior shouts!
Your grab misses the orc warrior.
You hear a shout! x2
The orc warrior hits you with a flail of crushing!
You hear a shout!
You hit the orc warrior but do no damage.
You grab the orc warrior.
You squeeze the orc warrior, but do no damage.
You constrict the orc warrior, but do no damage.
The orc warrior hits you with a flail of crushing!
* * * LOW HITPOINT WARNING * * *
x2 You release your grip on the orc warrior.
An orc comes into view. It is wielding a dagger.
There is a stone staircase leading up here.
The orc warrior hits you with a flail of crushing!!
Ouch! That really hurt!
You die...

......# ##..# ##.<.###
......## #..## ##..##
##.....####..# ##...#
####....#....## ###....#
###........######...#..#
##....##....##...####..#
###....###.......### ..#
#.......####....## #..#
#.........###.o@## ..#
...##.#.......o...## #..
.## ##.......o.....# #
#.............# .
####.#.............. #
#..#.#..............
###.#o.................
...o...................
........................


You could see an orc warrior and 2 orcs.

Vanquished Creatures
  A bullfrog (D:4)
  An iguana (D:4)
  2 worker ants (D:4)
  4 adders
  An adder skeleton (D:4)
  2 worms
  4 dart slugs
  4 leopard geckos
  2 orcs
  4 bats
  6 giant cockroaches
  10 goblins
  4 hobgoblins
  2 jackals (D:3)
  8 kobolds
  4 ball pythons
  4 frilled lizards
  A leopard gecko skeleton (D:4)
  7 rats
71 creatures vanquished.

Notes
Turn   | Place    | Note
-------+----------+-------------------------------------------
     0 | D:1      | EphemeralWolf the Octopode Assassin began the quest for the Orb.
     0 | D:1      | Reached XP level 1. HP: 14/14 MP: 1/1
   263 | D:1      | Reached XP level 2. HP: 16/19 MP: 2/2
   667 | D:1      | Reached skill level 6 in Stealth
   965 | D:2      | Reached XP level 3. HP: 24/24 MP: 3/3
  1770 | D:3      | Reached XP level 4. HP: 25/29 MP: 4/4
  1932 | D:3      | HP: 1/30 [jackal (1)]
  1939 | D:3      | Reached skill level 7 in Stealth
  2510 | D:4      | Reached XP level 5. HP: 35/35 MP: 5/5
  2848 | D:4      | Reached skill level 8 in Stealth
  2848 | D:4      | Reached XP level 6. HP: 3/41 MP: 6/6
  2878 | D:4      | Noticed an orc warrior
  3070 | D:4      | Mangled by an orc warrior

Skill      XL: |  1  2  3  4  5 |
---------------+----------------+-----
Stealth        | 6 7 8 |  8.1
Short Blades   | 3 |  3.6
Dodging        | 2 |  2.1
Fighting       | |  2.7
Throwing       | |  2.0

Action                   |  1- 3 |  4- 6 || total
-------------------------+-------+-------++-------
Melee: Dagger            |    65 |       ||    65
       Constrict         |    21 |    17 ||    38
       Tentacles         |    10 |    13 ||    23
       Short sword       |    15 |    68 ||    83
  Use: Scroll            |       |     8 ||     8
       Potion            |       |     3 ||     3
 Stab: Sleeping          |    14 |    11 ||    25
  Eat: Chunk             |     3 |     8 ||    11
       Ration            |       |     1 ||     1
Armor: Skin              |     5 |     2 ||     7
Dodge: Dodged            |    26 |    44 ||    70
Block: Other             |       |     1 ||     1
